 Dungeon Crawl Stone Soup version 0.31.0-32-g396128a36d (webtiles) character file.

Game seed: 17336351405992752745

2432 monsoonserge the Grappler (level 9, -1/68 HPs)
             Began as a Gnoll Shapeshifter on Mar 8, 2024.
             Was an Initiate of Gozag.
             Killed from afar by an electric eel (9 damage)
             ... with a bolt of electricity
             ... on level 7 of the Dungeon.
             The game lasted 00:18:18 (6531 turns).

monsoonserge the Grappler (Gnoll Shapeshifter)      Turns: 6531, Time: 00:18:21

Health: -1/68      AC:  4    Str: 17    XL:     9   Next: 48%
Magic:  15/15      EV: 19    Int: 10    God:    Gozag
Gold:   730        SH:  0    Dex: 12    Spells: 16/16 levels left

rFire   . . .        C - +6 whip
rCold   . . .        (no shield)
rNeg    . . .        L - +2 robe {Will+}
rPois   .            H - melded +0 helmet
rElec   .            (cloak currently unavailable)
rCorr   .            t - melded +0 pair of gloves
SInv    .            b - melded +0 pair of boots
Will    +....        (no amulet)
Stlth   +++          u - +5 ring of evasion
HPRegen 0.31/turn    (no ring)
MPRegen 0.14/turn

%: no passive effects
@: beast-form
A: beast (slay +4), fangs 1, strong nose, distributed training
a: Begin Untransformation, Renounce Religion, Potion Petition, Call Merchant,
Bribe Branch


You were on level 7 of the Dungeon.
You worshipped Gozag.
Gozag was pleased with you.
You were a hulking beast.
You visited 2 branches of the dungeon, and saw 8 of its levels.
You visited the Abyss 1 time.

You collected 878 gold pieces.
You spent 102 gold pieces at shops.
You paid 46 gold pieces to Gozag.

Inventory:

Hand Weapons
 C - a +6 whip (weapon)
 E - a +0 giant club
Missiles
 k - 5 curare-tipped darts
 s - 3 boomerangs (quivered)
 B - 8 poisoned darts
Armour
 b - a +0 pair of boots (melded)
 h - a +0 ring mail
 m - a +0 chain mail
 t - a +0 pair of gloves (melded)
 F - a +0 scale mail
 H - a +0 helmet (melded)
 L - a +2 robe of willpower (worn)
Magical Staves
 y - a staff of cold
Jewellery
 u - a +5 ring of evasion (left hand)
Talismans
 c - a beast talisman (active)
 d - a flux talisman
 q - a serpent talisman
Wands
 a - a wand of paralysis (10)
 l - a wand of iceblast (9)
 v - a wand of flame (14)
 w - a wand of mindburst (4)
 D - a wand of quicksilver (4)
Scrolls
 e - 7 scrolls of identify {unknown}
 g - 4 scrolls of enchant armour {unknown}
 i - a scroll of acquirement {unknown}
 j - 3 scrolls of teleportation
 p - a scroll of silence {unknown}
 r - a scroll of immolation {unknown}
 G - a scroll of enchant weapon {unknown}
 I - a scroll of blinking {unknown}
 J - a scroll of revelation {unknown}
Potions
 f - 3 potions of attraction {unknown}
 n - 3 potions of curing {unknown}
 o - a potion of enlightenment {unknown}
 x - a potion of resistance {unknown}
 z - a potion of heal wounds {unknown}
 A - a potion of degeneration {unknown}
 K - a potion of mutation {unknown}
 M - a potion of might {unknown}


   Skills:
 + Level 5.2 Fighting
 + Level 4.4 Short Blades
 + Level 4.4 Long Blades
 + Level 4.4 Axes
 + Level 4.4 Maces & Flails
 + Level 4.4 Polearms
 + Level 4.4 Staves
 + Level 4.4 Ranged Weapons
 + Level 4.4 Throwing
 + Level 4.4 Armour
 + Level 6.5 Dodging
 + Level 4.4 Stealth
 + Level 4.4 Shields
 + Level 8.0 Unarmed Combat
 + Level 4.4 Spellcasting
 + Level 3.7 Conjurations
 + Level 3.7 Hexes
 + Level 3.7 Summonings
 + Level 3.7 Necromancy
 + Level 3.7 Translocations
 + Level 3.7 Fire Magic
 + Level 3.7 Ice Magic
 + Level 3.7 Air Magic
 + Level 3.7 Earth Magic
 + Level 3.7 Alchemy
 + Level 4.9 Invocations
 + Level 4.4 Evocations
 + Level 7.8 Shapeshifting


You had 16 spell levels left.
You didn't know any spells.
Your spell library contained the following spells:

 Spells                   Type           Power      Damage    Failure   Level
 Ensorcelled Hibernation  Hex/Ice        18%        N/A       9%          2
 Fugue of the Fallen      Necr           9%         N/A       16%         3
 Anguish                  Hex/Necr       4%         N/A       47%         4


Dungeon Overview and Level Annotations

Branches:
Dungeon (7/15)             Temple (1/1) D:4

Altars:
Ashenzari
Dithmenos
Elyvilon
Gozag
Hepliaklqana
Kikubaaqudgha
Makhleb
Nemelex Xobeh
Qazlal
Sif Muna
Trog
Uskayaw
Vehumet
Wu Jian
Xom
Yredelemnul
Zin
The Shining One

Shops:
D:6 *


Innate Abilities, Weirdness & Mutations

You are a hulking beast.
Your limbs bulge with bestial killing power. (Slay +4)
You have very sharp teeth.
Your uncanny sense of smell can sniff out nearby items.
Your experience applies equally to all skills.


Message History

You thrash the sky beast!!
The sky beast is severely wounded.
The sky beast misses you.
You whack the sky beast!
You kill the sky beast!
The electric eel shoots out a bolt of lightning at you!
The bolt of electricity hits the plant!
The plant begins to die.
The bolt of electricity hits you!
The electric eel shoots out a bolt of lightning at you!
The bolt of electricity hits the plant!
The plant begins to die.
The bolt of electricity hits the plant!
The plant begins to die.
The bolt of electricity hits you.
There is an open door here.
You close the door.
You start resting.
HP restored.
The electric eel shoots out a bolt of lightning at you!
The bolt of electricity hits you!
The electric eel shoots out a bolt of lightning at you!
The bolt of electricity hits you!
The electric eel shoots out a bolt of lightning at you!
The bolt of electricity hits you! x2
The bolt of electricity hits the electric eel.
The electric eel completely resists.
The bolt of electricity hits the plant!
The plant begins to die.
You see here 19 gold pieces.
You now have 730 gold pieces (gained 19).
The electric eel shoots out a bolt of lightning at you!
The bolt of electricity hits you!
* * * LOW HITPOINT WARNING * * *
The bolt of electricity hits you!
* * * LOW HITPOINT WARNING * * *
The bolt of electricity hits the electric eel.
The electric eel completely resists.
The bolt of electricity hits the plant!
The electric eel shoots out a bolt of lightning at you!
The bolt of electricity hits the plant!
The plant begins to die.
The bolt of electricity hits the plant!
The plant begins to die.
The bolt of electricity hits you!
You die...
Your body crumbles into a pile of gold.

≈≈≈≈P~~....# #......
≈≈≈~~PP~...# #.......
≈≈≈≈~~~SP..#####
#.####..
≈≈≈~~~P~...#...# #. ###
≈≈PP~~~P~....#.# #.
≈P~~~P~~~...#..#
SPP~~~S~P.....##
#.........# #.#h...###
#.#.##.# #.#....######.
##+####........
#.........####.
#.............
##########..............
#........'.........#####
##.#######.........#


You could see 2 electric eels.

Vanquished Creatures
  A smoke demon (Abyss:1)
  A ynoxinul (Abyss:1)
  2 sky beasts (D:7)
  An ice beast (D:6)
  A black bear (D:5)
  A centaur (D:7)
  2 ogres
  A phantom (D:4)
  2 bullfrogs
  A gnoll sergeant (D:5)
  4 scorpions
  4 hounds (D:5)
  2 jellies
  7 orc priests
  2 iguanas
  2 sleepcaps
  5 orc wizards
  8 adders
  7 gnolls
  2 ufetubi (D:5)
  2 ribbon worms
  27 orcs
  4 bats
  4 endoplasms
  4 giant cockroaches
  4 goblins
  8 hobgoblins
  3 jackals (D:2)
  2 quokkas
  4 ball pythons
  5 frilled lizards
  7 kobolds
  3 rats (D:1)
133 creatures vanquished.

Notes
Turn   | Place    | Note
-------+----------+-------------------------------------------
     0 | D:1      | monsoonserge the Gnoll Shapeshifter began the quest for the
                  | Orb.
     0 | D:1      | Reached XP level 1. HP: 17/17 MP: 1/1
   322 | D:1      | Reached XP level 2. HP: 23/23 MP: 2/2
   337 | D:1      | HP: 1/23 [ribbon worm (6)]
  1156 | D:2      | Reached XP level 3. HP: 28/28 MP: 3/3
  1194 | D:2      | Reached skill level 1 in Invocations
  1243 | D:2      | Reached skill level 1 in Short Blades
  1243 | D:2      | Reached skill level 1 in Long Blades
  1243 | D:2      | Reached skill level 1 in Axes
  1243 | D:2      | Reached skill level 1 in Maces & Flails
  1243 | D:2      | Reached skill level 1 in Polearms
  1243 | D:2      | Reached skill level 1 in Staves
  1243 | D:2      | Reached skill level 1 in Ranged Weapons
  1243 | D:2      | Reached skill level 1 in Throwing
  1243 | D:2      | Reached skill level 1 in Armour
  1243 | D:2      | Reached skill level 1 in Stealth
  1243 | D:2      | Reached skill level 1 in Shields
  1243 | D:2      | Reached skill level 1 in Spellcasting
  1243 | D:2      | Reached skill level 1 in Evocations
  1409 | D:2      | Reached XP level 4. HP: 30/34 MP: 5/5
  1858 | D:3      | Reached skill level 1 in Conjurations
  1858 | D:3      | Reached skill level 1 in Hexes
  1858 | D:3      | Reached skill level 1 in Summonings
  1858 | D:3      | Reached skill level 1 in Necromancy
  1858 | D:3      | Reached skill level 1 in Translocations
  1858 | D:3      | Reached skill level 1 in Fire Magic
  1858 | D:3      | Reached skill level 1 in Ice Magic
  1858 | D:3      | Reached skill level 1 in Air Magic
  1858 | D:3      | Reached skill level 1 in Earth Magic
  1858 | D:3      | Reached skill level 1 in Alchemy
  2012 | D:3      | Found a basalt altar of Yredelemnul.
  2280 | D:4      | Reached XP level 5. HP: 34/41 MP: 7/7
  2295 | D:4      | Found a staircase to the Ecumenical Temple.
  2446 | Temple   | Found a transporter.
  2446 | Temple   | Found a transporter.
  2446 | Temple   | Found a transporter.
  2446 | Temple   | Found a transporter.
  2446 | Temple   | Entered the Ecumenical Temple
  2480 | Temple   | Became a worshipper of Gozag Ym Sagoz the Greedy
  2776 | D:4      | Noticed a phantom
  2785 | D:4      | Killed a phantom
  2786 | D:4      | Reached XP level 6. HP: 47/47 MP: 8/8
  2835 | D:4      | Reached skill level 5 in Dodging
  3391 | D:5      | Entered Level 5 of the Dungeon
  3420 | D:5      | Reached XP level 7. HP: 30/52 MP: 10/10
  3523 | D:5      | Reached skill level 7 in Unarmed Combat
  4271 | D:5      | Reached XP level 8. HP: 24/60 MP: 12/12
  4393 | Abyss:1  | Cast into level 1 of the Abyss (gnoll)
  4446 | Abyss:1  | Noticed a thrashing horror
  4514 | Abyss:1  | Noticed a ynoxinul
  4520 | Abyss:1  | Killed a ynoxinul
  4561 | Abyss:1  | Noticed a smoke demon
  4575 | Abyss:1  | Killed a smoke demon
  4594 | D:5      | Escaped the Abyss
  5109 | D:5      | Reached XP level 9. HP: 37/66 MP: 14/14
  5512 | D:6      | Found Wucwibel's Assorted Antiques.
  5520 | D:6      | Bought a scroll labelled YCRE XOPTE for 21 gold pieces
  5520 | D:6      | Bought a black potion for 18 gold pieces
  5520 | D:6      | Bought a scroll labelled ZIERPH BAUMEOCKUCW for 21 gold
                  | pieces
  5520 | D:6      | Bought a scroll labelled ESTATHRU FOMMEV for 21 gold pieces
  5520 | D:6      | Bought a scroll labelled ESTATHRU FOMMEV for 21 gold pieces
  5656 | D:6      | Reached skill level 5 in Fighting
  6345 | D:7      | Reached skill level 8 in Unarmed Combat
  6531 | D:7      | Killed from afar by an electric eel

Illustrated notes

Levels and vault maps discovered:
D:1:      dpeg_cavernosity, layout_basic, moated_statue, chequers_garden,
          nicolae_wormholes
D:2:      layout_rooms
D:3:      layout_rooms, mainiacjoe_overflow_small_starburst,
          nicolae_hexahallways
D:4:      layout_layer_cave, minmay_temple_entry_ruins, minivault_24,
          minmay_cupped
D:5:      layout_loops_corners
D:6:      layout_basic, serial_shops, nicolae_square_shop
D:7:      layout_basic, serial_bayou, serial_bayou_lagoon_a,
          serial_bayou_shore_a, serial_bayou_lake_a, serial_bayou_pond_e,
          serial_bayou_pond_d
Temple:   hellmonk_temple_divided_pantheon

Skill      XL: |  1  2  3  4  5  6  7  8  9 |
---------------+----------------------------+-----
Invocations    | 1 2 3 4 |  4.9
Short Blades   | 1 2 3 4 |  4.4
Long Blades    | 1 2 3 4 |  4.4
Axes           | 1 2 3 4 |  4.4
Maces & Flails | 1 2 3 4 |  4.4
Polearms       | 1 2 3 4 |  4.4
Staves         | 1 2 3 4 |  4.4
Ranged Weapons | 1 2 3 4 |  4.4
Throwing       | 1 2 3 4 |  4.4
Armour         | 1 2 3 4 |  4.4
Stealth        | 1 2 3 4 |  4.4
Shields        | 1 2 3 4 |  4.4
Spellcasting   | 1 2 3 4 |  4.4
Evocations     | 1 2 3 4 |  4.4
Conjurations   | 1 2 3 |  3.7
Hexes          | 1 2 3 |  3.7
Summonings     | 1 2 3 |  3.7
Necromancy     | 1 2 3 |  3.7
Translocations | 1 2 3 |  3.7
Fire Magic     | 1 2 3 |  3.7
Ice Magic      | 1 2 3 |  3.7
Air Magic      | 1 2 3 |  3.7
Earth Magic    | 1 2 3 |  3.7
Alchemy        | 1 2 3 |  3.7
Fighting       | 3 4 5 |  5.2
Dodging        | 5 6 |  6.5
Unarmed Combat | 7 8 |  8.0
Shapeshifting  | 7 |  7.8

Action                     |  1- 3 |  4- 6 |  7- 9 || total
---------------------------+-------+-------+-------++-------
  Melee: Unarmed           |    78 |    91 |    38 ||   207
         Bite              |     6 |    10 |    24 ||    40
         Punch             |     3 |     1 |    11 ||    15
         Flail             |       |    12 |       ||    12
         Whip              |       |       |   184 ||   184
  Throw: Boomerang         |       |     2 |     6 ||     8
  Evoke: Wand              |       |       |     1 ||     1
    Use: Scroll            |       |     1 |     2 ||     3
         Potion            |       |     1 |       ||     1
   Stab: Distracted        |       |       |     2 ||     2
         Sleeping          |       |       |     2 ||     2
 Armour: Animal skin       |    12 |       |       ||    12
         Ring mail         |    28 |    35 |    56 ||   119
         Skin              |       |    23 |    13 ||    36
         Chain mail        |       |       |    39 ||    39
         Robe              |       |       |    16 ||    16
  Dodge: Dodged            |    42 |    45 |   176 ||   263
   Form: Flux              |       |     1 |     1 ||     2
         Beast             |       |       |     2 ||     2
